Match 20319121
Unlisted

Match 20319121
End
Royal Engineer Section
Construct Section Command Post
Selects Air and Sea Battlegroup
Vickers Machine Gun Team
Infantry Section
ML 3-inch Mortar Team
Construct Platoon Command Post
Grenade Package
Humber Armored Car
Selects Commando Section Paradrop
6-pounder Anti-tank Gun Team
Selects M1 Pack Howitzer Paradrop
M1 Pack Howitzer Paradrop
Construct Company Command Post
Selects Incendiary Bombing Run
Incendiary Bombing Run
Crusader II Medium Tank
CMP 15cwt Truck
Incendiary Bombing Run
CMP 15cwt Truck
Selects Supply Surplus
Matilda II Heavy Tank
Selects Centaur Medium Tank
Selects Naval Bombardment
Matilda II Heavy Tank
Matilda II Heavy Tank
Naval Bombardment
Matilda II Heavy Tank
Matilda II Heavy Tank
Incendiary Bombing Run
gb_gbg
SneaKerz
Kiko25
Iseldur
0
0

Comments sign in to comment!

No comments posted yet!